 Dungeon Crawl Stone Soup version 0.27.0-1-g7a089689b8 (webtiles) character file.

Game seed: 16866470761384677209

37295 Strat the Protected (level 13, -2/101 HPs)
             Began as a Ghoul Conjurer on Aug 11, 2021.
             Was a High Priest of Hepliaklqana.
             Slain by a death yak (23 damage)
             ... on level 4 of the Lair of Beasts.
             The game lasted 00:46:46 (16718 turns).

Strat the Protected (Ghoul Conjurer)               Turns: 16718, Time: 00:46:47

Health: -2/101     AC: 14    Str: 18    XL:     13   Next: 95%
Magic:  22/24      EV: 11    Int: 17    God:    Hepliaklqana [*****.]
Gold:   742        SH:  0    Dex:  7    Spells: 12/28 levels left

rFire    . . .     SeeInvis .   a - +5 long sword (drain)
rCold    + . .     Faith    .   (no shield)
rNeg     + + +     Spirit   .   G - +0 steam dragon scales
rPois    ∞         Reflect  .   (no helmet)
rElec    .         Harm     .   S - +2 cloak
rCorr    .         Rampage  .   z - +1 pair of gloves
Will     +....                  h - +0 pair of boots
Stlth    ++........             H - amulet of regeneration
HPRegen  0.00/turn              T - +6 ring of strength
MPRegen  0.19/turn              w - ring of willpower

@: about to teleport, inhibited regen
A: reduced essence, claws 1, cold resistance 1, negative energy resistance 3,
inhibited regeneration, torment resistance 2
a: Renounce Religion, Recall Ancestor, Ancestor Identity, Transference, Idealise


You were on level 4 of the Lair of Beasts.
You worshipped Hepliaklqana.
Hepliaklqana was extremely pleased with you.
You visited 3 branches of the dungeon, and saw 17 of its levels.

You collected 742 gold pieces.

Inventory:

Hand Weapons
 a - a +5 long sword of draining (weapon)
 i - a +0 club
 x - a +0 hand axe
 F - a +2 short sword of draining
Missiles
 b - 146 stones
 A - 3 throwing nets
Armour
 h - a +0 pair of boots (worn)
 z - a +1 pair of gloves (worn)
 G - +0 steam dragon scales (worn)
 S - a +2 cloak (worn)
Magical Staves
 y - a staff of conjuration
Jewellery
 j - a ring of fire
 q - an amulet of faith
 r - a ring of flight
 w - a ring of willpower (right hand)
 H - an amulet of regeneration (around neck)
 O - an amulet of guardian spirit
 R - a +6 ring of intelligence
 T - a +6 ring of strength (left hand)
 U - a ring of protection from cold
Wands
 u - a wand of acid (17)
 B - a wand of digging (4)
 C - a wand of flame (33)
 E - a wand of polymorph (24)
 I - a wand of paralysis (12)
 K - a wand of charming (7)
 N - a wand of iceblast (20)
 P - a wand of mindburst (15)
Scrolls
 e - 4 scrolls of vulnerability
 l - 3 scrolls of teleportation
 o - a scroll of enchant weapon
 p - 2 scrolls of immolation
 J - 2 scrolls of magic mapping
 Q - a scroll of summoning
 V - a scroll of identify
Potions
 c - 3 potions of might
 d - 6 potions of flight
 f - 4 potions of mutation
 g - a potion of lignification
 k - 4 potions of brilliance
 m - a potion of haste
 n - 2 potions of resistance
 s - 2 potions of invisibility
 t - a potion of berserk rage {unknown}
 v - a potion of attraction
 D - 2 potions of ambrosia
 L - a potion of curing
 M - a potion of heal wounds {unknown}


   Skills:
 - Level 10.0 Fighting
 + Level 10.5 Armour
 - Level 1.7 Dodging
 - Level 2.1 Stealth
 - Level 8.0 Spellcasting
 - Level 3.3 Conjurations
 - Level 4.0 Summonings
 - Level 10.0 Ice Magic
 - Level 10.0 Earth Magic
 - Level 10.0 Invocations


You had 12 spell levels left.
You knew the following spells:

 Your Spells              Type           Power      Damage    Failure   Level
a - Magic Dart            Conj           72%        1d6       2%          1
b - Sandblast             Erth           80%        2d17      1%          1
c - Frozen Ramparts       Ice            80%        1d10      1%          3
d - Summon Ice Beast      Ice/Summ       30%        N/A       6%          4
e - Lee's Rapid Deconstr  Erth           20%        3d13*     4%          5
f - Passwall              Tmut/Erth      19%        N/A       1%          2

Your spell library contained the following spells:

 Spells                   Type           Power      Damage    Failure   Level
 Searing Ray              Conj           36%        3d4       4%          2
 Foxfire                  Conj/Fire      48%        2x1d6     5%          1
 Conjure Flame            Conj/Fire      12%        6-21      16%         3
 Dazzling Flash           Conj/Hex       24%        N/A       16%         3
 Inner Flame              Hex/Fire       6%         N/A       30%         3
 Fulminant Prism          Conj/Hex       6%         3d7       45%         4
 Iskenderun's Mystic Bla  Conj/Tloc      12%        2d5       45%         4
 Cause Fear               Hex            3%         N/A       71%         4
 Summon Forest            Summ/Tloc      6%         N/A       77%         5
 Eringya's Noxious Bog    Tmut/Pois      3%         N/A       100%        6
 Summon Hydra             Summ           10%        N/A       100%        7
 Dragon's Call            Summ           10%        N/A       100%        9
 Ice Form                 Ice/Tmut       Unusable   N/A       N/A         4
 Dragon Form              Tmut           Unusable   N/A       N/A         7

Dungeon Overview and Level Annotations

Branches:
Dungeon (11/15)            Temple (1/1) D:4            Lair (5/6) D:11
  Swamp (0/4) Lair:3        Snake (0/4) Lair:2          Orc (0/2) D:11
  Slime: Lair:5-6

Altars:
Ashenzari
Cheibriados
Dithmenos
Fedhas
Gozag
Hepliaklqana
Kikubaaqudgha
Makhleb
Nemelex Xobeh
Okawaru
Qazlal
Ru
Sif Muna
Trog
Uskayaw
Vehumet
Wu Jian
Xom
Yredelemnul
Zin
The Shining One

Shops:
D:4 :

Annotations:
Lair:4 exclusion: oklob plant
Lair:5 3 runed translucent doors, Cogue's ghost, journeyman VSWz


Innate Abilities, Weirdness & Mutations

Your life essence is reduced to manifest your ancestor. (-10% HP)
You thrive by killing the living.
You are immune to poison.
You have sharp fingernails.
Your flesh is cold resistant. (rC+)
You are immune to negative energy. (rN+++)
You do not regenerate when monsters are visible.
You are immune to unholy pain and torment.


Message History

Njabulo barely misses the death yak.
The blink frog completely misses you.
You riposte.
You miss the blink frog.
The blink frog is severely wounded.
The death yak gores Njabulo!!
Njabulo is destroyed!
You hit the blink frog. You drain the blink frog.
The blink frog is almost dead.
The blink frog blinks!
The four-headed hydra bites the plant!
The plant begins to die.
The four-headed hydra bites the plant. x2
The four-headed hydra bites the plant!
The death yak gores the plant!!
The blink frog hits you but does no damage.
The death yak gores the plant!
The blink frog blinks!
The black mamba bites the plant!
The blink frog hits you.
The blink frog blinks!
The death yak gores you!
* * * LOW HITPOINT WARNING * * *
There is a stone staircase leading up here.
The death yak seems less drained.
The torpor snail bites the plant!!
The four-headed hydra barely misses you.
The four-headed hydra bites you but does no damage.
The four-headed hydra bites you.
* * * LOW HITPOINT WARNING * * *
The four-headed hydra barely misses you.
The manticore bites the plant!
The manticore claws the plant! x2
You climb upwards.
Level annotation: exclusion: oklob plant You feel yourself speed up.
There is a stone staircase leading down here.
The death yak gores you!
* * * LOW HITPOINT WARNING * * *
The death yak gores you!
* * * LOW HITPOINT WARNING * * *
As you read the scroll of fear, it crumbles to dust.
You assume a fearsome visage.
The death yak resists with almost no effort.
The fungus is unaffected.
As you read the scroll of teleportation, it crumbles to dust.
You feel strangely unstable. The death yak gores you!
* * * LOW HITPOINT WARNING * * *
The death yak gores you!!
You die...

##....P#......#.
###.....##.....###
#.#......#P...##
#.............####
###>....##....##.#
#.....#####.#..##
#####.....##.÷..#...
#...Y##...##.....#.P
#..@.###.....#[..###
###...## ##..####..#
#....## #..# ##.##
##....## ##.# #..P#
##.#..####.####..##
###.##..##.##.#...#
#.#.##....####....#
##......P.# ##..#P#
#####.#....####...###


You could see a death yak.

Vanquished Creatures
  2 hydras
  2 catoblepae
  A two-headed ogre (D:11)
  8 elephants
  A black mamba (Lair:3)
  2 torpor snails
  7 cane toads
  Maggie (D:6)
  3 komodo dragons
  A rime drake (Lair:4)
  2 trolls
  9 blink frogs
  Grinder (D:6)
  Sigmund (D:5)
  31 yaks
  3 wyverns
  A vampire mosquito (D:10)
  3 basilisks
  2 wargs (D:11)
  2 nagas (Lair:2)
  Edmund (D:5)
  7 water moccasins
  A sky beast (D:7)
  2 ice beasts
  6 orc warriors
  2 black bears
  A necrophage (D:7)
  An ogre (D:5)
  4 wolves
  2 centaurs
  3 phantoms
  10 bullfrogs
  A gnoll sergeant (D:5)
  A water moccasin skeleton (D:4)
  8 killer bees (D:8)
  5 howler monkeys
  2 centaur zombies
  6 orc priests
  2 gnoll shamans (D:4)
  3 hounds
  3 jellies
  Jessica (D:2)
  A bullfrog skeleton (D:7)
  Ijyb (D:5)
  6 orc wizards
  A killer bee zombie (D:7)
  2 hound zombies
  2 howler monkey zombies
  A howler monkey skeleton (D:7)
  6 adders
  4 gnolls (D:5)
  A white imp (D:7)
  2 ufetubi
  An adder skeleton (D:4)
  7 worms
  2 dart slugs
  21 orcs
  8 ball pythons
  5 bats
  3 endoplasms
  6 giant cockroaches
  A goblin (D:2)
  6 hobgoblins
  6 jackals
  3 quokkas
  2 frilled lizards
  8 kobolds
  9 rats
270 creatures vanquished.

Vanquished Creatures (collateral kills)
  A hydra (Lair:3)
  A two-headed ogre (D:10)
  2 death yaks (Lair:4)
  4 black mambas
  5 elephants
  3 cane toads
  Psyche (D:9)
  3 rime drakes
  2 komodo dragons
  2 unseen horrors (D:11)
  8 blink frogs
  3 wyverns
  A wraith (D:10)
  13 yaks
  3 water moccasins
  2 orc warriors
  A wolf (Lair:3)
  A kobold brigand (D:6)
  6 bullfrogs
  A scorpion (Lair:2)
  A wyvern zombie (D:6)
  A killer bee (D:8)
  A centaur zombie (D:6)
  A centaur skeleton (D:7)
  An iguana (D:6)
  An orc wizard (D:9)
  A shadow imp (D:7)
  2 orcs
72 creatures vanquished.

Vanquished Creatures (others)
  6 knights
  2 ancestors
  19 fungi
  26 plants
53 creatures vanquished.

Grand Total: 395 creatures vanquished

Notes
Turn   | Place    | Note
-------+----------+-------------------------------------------
     0 | D:1      | Strat the Ghoul Conjurer began the quest for the Orb.
     0 | D:1      | Reached XP level 1. HP: 14/14 MP: 2/2
   258 | D:1      | Learned a level 1 spell: Sandblast
   421 | D:2      | Reached skill level 1 in Earth Magic
   421 | D:2      | Reached XP level 2. HP: 21/22 MP: 0/3
   461 | D:2      | Noticed Jessica
   558 | D:2      | Killed Jessica
   559 | D:2      | Reached XP level 3. HP: 27/27 MP: 0/4
  1265 | D:2      | Reached XP level 4. HP: 33/34 MP: 0/5
  1350 | D:2      | Found a faded altar of an unknown god.
  1665 | D:2      | Learned a level 3 spell: Frozen Ramparts
  1832 | D:3      | Reached skill level 1 in Ice Magic
  2650 | D:4      | Found a staircase to the Ecumenical Temple.
  2656 | Temple   | Entered the Ecumenical Temple
  2708 | Temple   | Became a worshipper of Hepliaklqana the Forgotten
  2764 | D:4      | Reached XP level 5. HP: 39/39 MP: 2/6
  2860 | D:4      | Noticed a black bear
  2863 | D:4      | Found Buheptye's Book Emporium.
  3215 | D:4      | Found an opulent altar of Gozag.
  3382 | D:4      | Reached XP level 6. HP: 44/46 MP: 3/7
  3406 | D:4      | Killed a black bear
  3407 | D:4      | Reached skill level 5 in Ice Magic
  4030 | D:4      | Reached XP level 7. HP: 49/51 MP: 1/8
  4236 | D:5      | Entered Level 5 of the Dungeon
  4593 | D:5      | Noticed Ijyb
  4628 | D:5      | Killed Ijyb
  4629 | D:5      | Reached skill level 1 in Fighting
  5539 | D:5      | Noticed Sigmund
  5547 | D:5      | Killed Sigmund
  5548 | D:5      | Reached skill level 5 in Fighting
  5548 | D:5      | Reached XP level 8. HP: 66/68 MP: 2/10
  5769 | D:5      | Noticed Edmund
  5780 | D:5      | Killed Edmund
  6457 | D:6      | Noticed Maggie
  6858 | D:6      | Reached * piety under Hepliaklqana
  6896 | D:6      | Reached XP level 9. HP: 35/72 MP: 6/12
  7236 | D:6      | Killed Maggie
  7563 | D:6      | Noticed Grinder
  7600 | D:6      | Killed Grinder
  7601 | D:6      | Reached skill level 10 in Fighting
  7814 | D:6      | Reached skill level 1 in Armour
  8068 | D:6      | Found a hide-covered altar of Uskayaw.
  8498 | D:7      | Reached XP level 10. HP: 81/83 MP: 14/16
  8781 | D:7      | Reached skill level 5 in Spellcasting
  9202 | D:8      | Reached skill level 5 in Armour
  9494 | D:8      | Found a blossoming altar of Fedhas.
  9736 | D:9      | Noticed Psyche
  9757 | D:9      | Killed Psyche
  9849 | D:9      | Reached ** piety under Hepliaklqana
  9868 | D:9      | Identified the +2 pair of gloves of Filigreed Mirth {Will+
                  | Str-4 Dex+4 SInv}
  9946 | D:9      | Remembered your ancestor Njabulo as a knight
 10198 | D:9      | Noticed a moth of wrath
 10201 | D:9      | Found a bloodstained altar of Trog.
 10401 | D:9      | Found a burning altar of Makhleb.
 10561 | D:10     | Entered Level 10 of the Dungeon
 10728 | D:10     | Learned a level 4 spell: Summon Ice Beast
 10734 | D:10     | Learned a level 5 spell: Lee's Rapid Deconstruction
 10736 | D:10     | Noticed a gargoyle
 10797 | D:10     | Noticed a two-headed ogre
 10819 | D:10     | Killed a two-headed ogre
 10820 | D:10     | Reached skill level 1 in Summonings
 10820 | D:10     | Reached XP level 11. HP: 89/89 MP: 19/22
 10839 | D:10     | Found a burning altar of Makhleb.
 10854 | D:10     | Noticed a two-headed ogre
 10943 | D:10     | Found a broken altar of Ashenzari.
 10945 | D:10     | You are sucked into a shaft and drop 1 floor!
 10982 | D:11     | Found a staircase to the Orcish Mines.
 11047 | D:11     | Reached skill level 5 in Earth Magic
 11101 | D:11     | Noticed a two-headed ogre
 11127 | D:11     | Killed a two-headed ogre
 11631 | D:11     | Reached *** piety under Hepliaklqana
 11631 | D:11     | Found a staircase to the Lair.
 12225 | Lair:1   | Entered Level 1 of the Lair of Beasts
 12411 | Lair:1   | Found a sparkling altar of Nemelex Xobeh.
 12488 | Lair:1   | Reached skill level 10 in Ice Magic
 12584 | Lair:1   | Reached **** piety under Hepliaklqana
 12593 | Lair:1   | Identified the +0 pair of gloves of Ryhuuqa {Rampage rPois
                  | rC+ Will+}
 12652 | Lair:1   | Reached XP level 12. HP: 70/95 MP: 20/23
 13065 | Lair:2   | Noticed a seven-headed hydra
 13073 | Lair:2   | Killed a seven-headed hydra
 13144 | Lair:2   | Found a staircase to the Snake Pit.
 13203 | Lair:2   | Reached skill level 10 in Earth Magic
 13204 | Lair:2   | Reached skill level 1 in Invocations
 13695 | Lair:2   | Noticed a catoblepas
 14011 | Lair:2   | Killed a catoblepas
 14089 | Lair:3   | Reached skill level 5 in Invocations
 14129 | Lair:3   | Noticed a seven-headed hydra
 14136 | Lair:3   | Killed a seven-headed hydra
 14183 | Lair:3   | Found a staircase to the Swamp.
 14212 | Lair:3   | Noticed an eight-headed hydra
 14221 | Lair:3   | Killed a nine-headed hydra
 14278 | Lair:3   | Reached XP level 13. HP: 101/101 MP: 22/24
 15382 | Lair:4   | Reached ***** piety under Hepliaklqana
 15708 | Lair:4   | Learned a level 2 spell: Passwall
 15778 | Lair:5   | Found a runed translucent gate.
 15778 | Lair:5   | Found a runed translucent gate.
 15778 | Lair:5   | Found a runed translucent gate.
 15807 | Lair:5   | Noticed Cogue's ghost (journeyman VSWz)
 16261 | Lair:5   | Reached skill level 10 in Invocations
 16340 | Lair:5   | Reached skill level 10 in Armour
 16718 | Lair:4   | Slain by a death yak

Illustrated notes

Levels and vault maps discovered:
D:1:      saegor_arrival_simple_c, layout_basic
D:2:      layout_basic, basic_ecumenical_altar, kennysheep_cross_bottleneck,
          st_stairs_11, uniq_jessica
D:3:      layout_basic
D:4:      minmay_clustersquares, layout_rooms,
          mainiacjoe_overflow_six_doors_small, minmay_temple_entry_fiery,
          serial_shops, nicolae_shop_trees, ebering_dispersal_statue_hall
D:5:      layout_rooms, minmay_misc_feat_tower, sigmund_edmund_badplayer,
          uniq_ijyb
D:6:      layout_basic, nicolae_uskayaw_dance_studio, roderic_lattice_a,
          minivault_19, hangedman_abyss_or_decor_passed, uniq_grinder,
          uniq_maggie
D:7:      layout_rooms, kennysheep_mini_moat, tso_altar
D:8:      layout_rooms, fedhas_altar_fruit_tree, columned_hall_lemuel,
          roderic_roman_lattice
D:9:      layout_loops_cross, mainiacjoe_overflow_tiny_flanked, tgw_trog,
          uniq_psyche
D:10:     layout_stronghold, mainiacjoe_overflow_catwalk_spiral, serial_shops,
          nicolae_inconvenience_store, hangedman_feature_mirror,
          grunt_ministairs_13, minmay_large_rounded_square, nrook_uturn,
          minmay_mirror_moons_of_madness, uniq_erica
D:11:     layout_long_grid, david_lair_generic, david_orc_1_choice
Temple:   nicolae_temple_god_jail
Lair:1:   layout_chaotic_city, basic_altar
Lair:2:   layout_chaotic_city, guppyfry_snake_entry_island
Lair:3:   layout_cave_shapes, swamp_mist, st_stairs_8
Lair:4:   layout_loops_ring, lookout_lair_type, minmay_lair_oklob_items
Lair:5:   nzn_winding_woodlands_stair_cross
          [nzn_winding_woodlands_5x15_sawtooth,
          nzn_winding_woodlands_center_pierced_h,
          nzn_winding_woodlands_5x15_lazy_stream,
          nzn_winding_woodlands_5x5_closed_star,
          nzn_winding_woodlands_5x5_three, nzn_winding_woodlands_5x15_crooked,
          nzn_winding_woodlands_center_garden,
          nzn_winding_woodlands_5x15_split_checker], layout_cave_pods,
          gammafunk_ghost_split

Skill      XL: |  1  2  3  4  5  6  7  8  9 10 11 12 13 |
---------------+----------------------------------------+-----
Earth Magic    | 1 2 3 4 8 10 | 10.0
Ice Magic      | 2 4 6 7 10 | 10.0
Fighting       | 5 8 10 | 10.0
Spellcasting   | 2 3 4 8 |  8.0
Armour         | 3 5 7 10 | 10.5
Summonings     | 1 3 4 |  4.0
Invocations    | 6 10 | 10.0
Dodging        | |  1.7
Stealth        | |  2.1
Conjurations   | |  3.3

Action                   |  1- 3 |  4- 6 |  7- 9 | 10-12 | 13-15 || total
-------------------------+-------+-------+-------+-------+-------++-------
Melee: Unarmed           |    21 |       |       |       |       ||    21
       Hand axe          |    39 |    55 |       |       |       ||    94
       Club              |     2 |       |       |       |       ||     2
       Short sword       |       |    52 |   128 |       |       ||   180
       Long sword        |       |       |    60 |   227 |   132 ||   419
 Cast: Magic Dart        |    17 |       |     1 |       |       ||    18
       Sandblast         |    18 |    56 |    67 |    29 |     6 ||   176
       Frozen Ramparts   |       |     5 |    27 |    52 |    26 ||   110
       Passwall          |       |       |       |       |     1 ||     1
       Lee's Rapid Decon |       |       |       |       |     1 ||     1
Invok: Recall Ancestor   |       |       |       |     4 |     1 ||     5
       Ancestor Life: Kn |       |       |       |     1 |       ||     1
       Idealise          |       |       |       |     1 |       ||     1
Evoke: Wand              |       |       |       |     2 |       ||     2
  Use: Scroll            |       |       |       |    22 |     6 ||    28
       Potion            |       |       |       |       |     1 ||     1
 Stab: Distracted        |       |     1 |       |       |     2 ||     3
       Sleeping          |       |       |       |       |     1 ||     1
Armor: Robe              |    37 |    11 |       |       |       ||    48
       Leather armour    |       |    27 |    71 |       |       ||    98
       Steam dragon scal |       |       |    51 |   124 |   127 ||   302
Dodge: Dodged            |    69 |    83 |   150 |   176 |   107 ||   585
       Rpst.: Long sword |       |       |    10 |    45 |    32 ||    87
